 Dungeon Crawl Stone Soup version 0.30.0 (webtiles) character file.

Game seed: 11879897857060232235

2 workbot the Stinger (level 1, 0/16 HPs)
             Began as an Ogre Venom Mage on May 5, 2023.
             Frozen to death by an endoplasm (3 damage)
             ... on level 1 of the Dungeon.
             The game lasted 00:00:20 (49 turns).

workbot the Stinger (Ogre Venom Mage)                 Turns: 49, Time: 00:00:20

Health: 0/16       AC:  3    Str: 11    XL:     1   Next: 40%
Magic:  0/3        EV:  9    Int: 16    God:
Gold:   5          SH:  0    Dex:  9    Spells: 3/4 levels left

rFire   . . .        (no weapon)
rCold   . . .        (no shield)
rNeg    . . .        a - +0 robe
rPois   .            (helmet restricted)
rElec   .            (no cloak)
rCorr   .            (gloves unavailable)
SInv    .            (boots unavailable)
Will    .....        (no amulet)
Stlth   +            (no ring)
HPRegen 0.22/turn    (no ring)
MPRegen 0.08/turn

%: no passive effects
@: no status effects
A: large, unfitting armour, tough skin 1
a: no special abilities


You were on level 1 of the Dungeon.
You visited 1 branch of the dungeon, and saw 1 of its levels.

You collected 5 gold pieces.

Inventory:

Hand Weapons
 d - a +0 sling
Armour
 a - a +0 robe (worn)
Jewellery
 c - a ring of protection from fire
Potions
 b - a potion of magic


   Skills:
 + Level 1.8 Dodging
 + Level 1.4 Stealth
 + Level 2.4 Spellcasting
 + Level 1.0 Transmutations
 + Level 2.7 Poison Magic


You had 3 spell levels left.
You knew the following spells:

 Your Spells              Type           Power      Damage    Failure   Level
a - Sting                 Tmut/Pois      28%        1d4       10%         1

Your spell library contained the following spells:

 Spells                   Type           Power      Damage    Failure   Level
 Poisonous Vapours        Pois/Air       12%        N/A       17%         2
 Mephitic Cloud           Conj/Pois/Air  4%         N/A       38%         3
 Olgreb's Toxic Radiance  Pois           10%        N/A       54%         4


Dungeon Overview and Level Annotations

Branches:
Dungeon (1/15)

Altars:


Innate Abilities, Weirdness & Mutations

You are too large for most types of armour.
You have tough skin. (AC +1)


Message History

The sting hits the giant cockroach.
The giant cockroach is poisoned.
The giant cockroach is moderately wounded.
You hit the giant cockroach.
The giant cockroach is severely wounded.
The giant cockroach barely misses you. The giant cockroach bites you.
You hit the giant cockroach but do no damage.
The giant cockroach is severely wounded.
You kill the giant cockroach!
The hobgoblin closely misses you.
Casting: Sting (safe; 10% risk of failure)
Confirm with . or Enter, or press ? or * to list all spells.
Aiming: Sting (safe; 10% risk of failure)
Press: ? - help, Shift-Dir - straight line, f - hobgoblin
Aim: a hobgoblin (68% to hit)
The sting misses the hobgoblin.
The hobgoblin hits you.
The hobgoblin hits you but does no damage.
You hit the hobgoblin but do no damage.
The hobgoblin hits you but does no damage.
The endoplasm hits you but does no damage.
You hit the hobgoblin.
The hobgoblin is moderately wounded.
The hobgoblin hits you.
The endoplasm jiggles.
The endoplasm freezes you.
You are frozen.
You hit the hobgoblin.
The hobgoblin is severely wounded.
The hobgoblin barely misses you. The endoplasm barely misses you.
You hit the hobgoblin.
You kill the hobgoblin!
The endoplasm hits you but does no damage.
Your Transmutations skill increases to level 1!
The endoplasm freezes you.
You are frozen.
* * * LOW HITPOINT WARNING * * *
You hit the endoplasm.
The endoplasm is heavily wounded.
The endoplasm freezes you.
You are frozen.
You die...

...>### #..... #
#....##.# ........#
#.......# #....$..#
#####.......#
#######.J.........#
#.......@###......#
#........# #......####
#........# #....... .#
#........+ #....[.##.####
#........# #............
#........# #..#.......#
#######'## #.###.....## .
#######.####..#.......#..
#........................


You could see an endoplasm.

Vanquished Creatures
  A giant cockroach (D:1)
  A hobgoblin (D:1)
2 creatures vanquished.

Notes
Turn   | Place    | Note
-------+----------+-------------------------------------------
     0 | D:1      | workbot the Ogre Venom Mage began the quest for the Orb.
     0 | D:1      | Reached XP level 1. HP: 16/16 MP: 3/3
    48 | D:1      | Reached skill level 1 in Transmutations
    49 | D:1      | Frozen to death by an endoplasm

Illustrated notes

Levels and vault maps discovered:
D:1:      minmay_arrival_five_plusses, layout_basic, serial_shops, shop

Skill      XL: |  1 |
---------------+----+-----
Transmutations | 1 |  1.0
Dodging        | |  1.8
Stealth        | |  1.4
Spellcasting   | |  2.4
Poison Magic   | |  2.7

Action                     || total
---------------------------++-------
  Melee: Unarmed           ||     7
   Cast: Sting             ||     3
 Armour: Robe              ||     4
  Dodge: Dodged            ||     4
